AoeStats
← tolgaeroglu1414

Arena

509892798Analyzed
1v1 RM · 3d ago on Sep 28, 2026· 35m 15s· 2 players
Game mode
Random Map
Map size
Tiny (2 player)
Population
200
Speed
Normal
Resources
Standard
Victory
Conquest
Starting age
Dark Age
Ending age
Imperial Age
RankedLock teamsTeams togetherTeam positionsShared explorationLock speedFull tech treeHidden civsTurbo modeCheats
Victory
Defeat
🇧🇪 Khmer · Belgium
730
+14
🇹🇷 Maya · Türkiye
684
-14
aoe2belgian
11:28 Feudal Age
14:44 Castle Age
13:15 Horse Collar
13:23 Double-Bit Axe
17:10 Loom
33:43 Imperial Age
tolgaeroglu1414
9:08 Feudal Age
9:36 Double-Bit Axe
9:33 Horse Collar
16:45 Castle Age
15:39 Stone Mining
17:39 Bow Saw
17:47 Heavy Plow
18:43 Gold Mining
19:59 Gold Mining
28:54 Imperial Age
30:09 Forging
30:01 Padded Archer Armor
34:21 Two-Man Saw
Connection lost

Rejoining the realm…

Still unreachable

The connection could not be restored.

Session expired

The server has moved on; the page needs a fresh start.